 Dungeon Crawl Stone Soup version 0.20.2-3-g29329e0561 (webtiles) character file.

253 Alfie the Shooter (level 5, 0/45 HPs)
             Began as a Minotaur Hunter on July 1, 2020.
             Slain by an orc wizard
             ... wielding a +0 dagger
              (1 damage)
             ... on level 4 of the Dungeon.
             The game lasted 00:08:45 (2417 turns).

Alfie the Shooter (Minotaur Hunter)                 Turns: 2417, Time: 00:08:46

Health: 0/45       AC:  3    Str: 18    XL:     5   Next: 90%
Magic:  4/4        EV: 12    Int:  8    God:
Gold:   133        SH:  0    Dex: 10    Spells: 4/4 levels left

rFire    . . .     SeeInvis .   b - +0 short sword
rCold    . . .     Gourm    .   (no shield)
rNeg     . . .     Faith    .   c - +0 leather armour
rPois    .         Spirit   .   (helmet restricted)
rElec    .         Reflect  .   (no cloak)
rCorr    .         Harm     .   (no gloves)
MR       .....                  (no boots)
Stlth    +.........             g - amulet of magic regeneration
Regen    0.2/turn               (no ring)
MPRegen  0.2/turn               (no ring)

@: hasted, very quick
A: retaliatory headbutt, horns 2
a: no special abilities


You were on level 4 of the Dungeon.
You were not hungry.

You visited 1 branch of the dungeon, and saw 4 of its levels.

You collected 133 gold pieces.

Inventory:

Hand Weapons
 a - a +1 shortbow
 b - a +0 short sword (weapon)
Missiles
 d - 24 arrows
 k - 2 exploding tomahawks
 l - 10 tomahawks (quivered)
Armour
 c - a +0 leather armour (worn)
Jewellery
 g - an amulet of magic regeneration (around neck)
 o - a +2 ring of protection {unknown}
Wands
 m - a wand of random effects (26/48)
Scrolls
 h - 2 scrolls of identify
Potions
 e - a potion of lignification
 j - a potion of curing
Comestibles
 i - a meat ration


   Skills:
 + Level 3.3 Fighting
 + Level 1.0 Short Blades
 + Level 7.1 Bows
 + Level 1.4 Armour
 + Level 2.6 Dodging
 + Level 0.7 Stealth


You had 4 spell levels left.
You didn't know any spells.

Dungeon Overview and Level Annotations

Branches:
Dungeon (4/15)
 Temple: D:4-7

Altars:
Ashenzari
Dithmenos
Zin


Innate Abilities, Weirdness & Mutations

You reflexively headbutt those who attack you in melee.
You have a pair of horns on your head.


Message History

Alfie's ghost misses you. You furiously retaliate!
You headbutt Alfie's ghost! You hit Alfie's ghost.
Alfie's ghost is almost destroyed.
Something hits you but does no damage.
You hit Alfie's ghost but do no damage.
Alfie's ghost is almost destroyed.
Alfie's ghost hits you.
* * * LOW HITPOINT WARNING * * *
Something hits you.
* * * LOW HITPOINT WARNING * * *
You closely miss Alfie's ghost.
Alfie's ghost is almost destroyed.
Alfie's ghost hits you.
* * * LOW HITPOINT WARNING * * *
You hit Alfie's ghost.
You destroy Alfie's ghost!
Your Short Blades skill increases to level 1!
Your Bows skill increases to level 7!
Something hits you.
You die...

..... ##........ #....
......... ....
...........##.. ...
.............[. ..
##..#?.......!.. #.
#....(......o>..
####.##.....(..(..{o..
#....@{(<((..(....o...
#.##.##...............
#.l.......... #/ !..#
#. ##.# ..


You could see a frilled lizard.

Vanquished Creatures
  The ghost of Alfie the Shooter, a weakling MiHu (D:4)
  An orc wizard (D:3)
  A worker ant (D:4)
  A worker ant zombie (D:4)
  5 adders
  3 oozes
  A worm (D:3)
  4 dart slugs
  4 leopard geckos
  5 orcs (D:3)
  3 giant cockroaches
  6 goblins
  8 hobgoblins
  6 jackals
  A ball python (D:3)
  A bat (D:2)
  2 frilled lizards
  9 kobolds
  9 rats
71 creatures vanquished.

Notes
Turn   | Place    | Note
-------+----------+-------------------------------------------
     0 | D:1      | Alfie the Minotaur Hunter began the quest for the Orb.
     0 | D:1      | Reached XP level 1. HP: 18/18 MP: 0/0
    60 | D:1      | Reached XP level 2. HP: 25/25 MP: 1/1
   156 | D:1      | Reached skill level 5 in Bows
   410 | D:1      | Reached XP level 3. HP: 30/30 MP: 2/2
  1201 | D:2      | Found a shattered altar of Ashenzari.
  1309 | D:2      | Reached XP level 4. HP: 32/37 MP: 3/3
  1488 | D:3      | Found a shadowy altar of Dithmenos.
  1521 | D:3      | Reached skill level 6 in Bows
  1942 | D:3      | Found a glowing silver altar of Zin.
  2036 | D:3      | Reached XP level 5. HP: 18/45 MP: 4/4
  2359 | D:4      | Noticed Alfie's ghost (weakling MiHu)
  2407 | D:4      | Reached skill level 1 in Armour
  2416 | D:4      | HP: 1/45 [Alfie's ghost (2)]
  2417 | D:4      | Killed Alfie's ghost
  2417 | D:4      | Reached skill level 1 in Short Blades
  2417 | D:4      | Reached skill level 7 in Bows
  2417 | D:4      | Slain by an orc wizard

Skill      XL: |  1  2  3  4  5 |
---------------+----------------+-----
Bows           | 5 6 7 |  7.1
Fighting       | 3 |  3.3
Armour         | 1 |  1.4
Short Blades   | 1 |  1.0
Dodging        | |  2.6
Stealth        | |  0.7

Action                   |  1- 3 |  4- 6 || total
-------------------------+-------+-------++-------
Melee: Short sword       |    23 |    41 ||    64
       Headbutt          |     4 |     6 ||    10
 Fire: Shortbow          |    84 |    88 ||   172
  Use: Scroll            |     6 |     2 ||     8
       Potion            |     2 |     2 ||     4
  Eat: Royal jelly       |     1 |       ||     1
       Bread ration      |       |     1 ||     1
Armor: Leather armour    |    15 |     9 ||    24
Dodge: Dodged            |    34 |    43 ||    77
